 Dungeon Crawl Stone Soup version 0.25-a0-156-g0c4bda3fdf (webtiles) character file.

Game seed: 4453529895173835059, levelgen mode: deterministic

9 Esekla the Slasher (level 2, 0/22 HPs)
             Began as a Demonspawn Wanderer on Nov 20, 2019.
             Succumbed to an adder's poison
             ... on level 2 of the Dungeon.
             The game lasted 00:01:08 (32 turns).

Esekla the Slasher (Demonspawn Wanderer)              Turns: 32, Time: 00:01:09

Health: 0/22       AC:  2    Str: 11    XL:     2   Next: 3%
Magic:  2/2        EV: 11    Int: 14    God:
Gold:   0          SH:  0    Dex: 12    Spells: 1/1 levels left

rFire    . . .     SeeInvis .   a - +2 falchion
rCold    . . .     Gourm    .   (no shield)
rNeg     . . .     Faith    .   c - +0 robe
rPois    .         Spirit   .   (helmet restricted)
rElec    .         Reflect  .   (no cloak)
rCorr    .         Harm     .   (no gloves)
MR       .....                  (no boots)
Stlth    ++........             (no amulet)
HPRegen  0.07/turn              (no ring)
MPRegen  0.08/turn              (no ring)

@: lethally poisoned (0 -> -8)
A: horns 1
a: no special abilities


You were on level 2 of the Dungeon.
You were not hungry.

You visited 1 branch of the dungeon, and saw 2 of its levels.

Inventory:

Hand Weapons
 a - a +2 falchion (weapon)
 d - a +0 dagger
Armour
 c - a +0 robe (worn)
Scrolls
 e - a scroll of immolation {unknown}
 g - a scroll of enchant weapon {unknown}
Potions
 b - 2 potions of lignification
Comestibles
 f - a ration


   Skills:
 + Level 2.2 Fighting
 * Level 2.2 Long Blades
   Level 1.0 Crossbows
 - Level 1.0 Throwing
 + Level 1.0 Armour
 - Level 1.7 Stealth
   Level 1.0 Evocations


You had one spell level left.
You didn't know any spells.
Your spell library was empty.

Dungeon Overview and Level Annotations

Branches:
Dungeon (1/15)

Altars:


Innate Abilities, Weirdness & Mutations

You have a pair of small horns on your head.


Message History

The adder misses you.
You riposte.
You closely miss the adder.
The adder is severely wounded.
You miss the adder.
The adder is severely wounded.
* * * LOW HITPOINT WARNING * * *
You feel sick. The adder barely misses you.
You riposte.
You hit the adder.
You kill the adder!
Your Long Blades skill increases to level 2!
You have reached level 2!
Your demonic ancestry asserts itself...
A pair of horns grows on your head!
There is a lethal amount of poison in your body!
* * * LOW HITPOINT WARNING * * *
You feel sick.
A frilled lizard comes into view.
* * * LOW HITPOINT WARNING * * *
You feel sick.
You see here a scroll labeled PUDWAR GEIR.
g - a scroll labeled PUDWAR GEIR You die...

#############
###.........l.#
#......@...#
#..#.##.##.#
######.##..#.##.##.
#.S...###.#.........
#.####S##..###..##.#
#.# ##..#.####..#
##.###..%..........
#.........(.........
#..###...#####..#####


You could see a frilled lizard (sleeping).

Vanquished Creatures
  An adder (D:2)
1 creature vanquished.

Notes
Turn   | Place    | Note
-------+----------+-------------------------------------------
     0 | D:1      | Esekla the Demonspawn Wanderer began the quest for the Orb.
     0 | D:1      | Esekla set off with the following items: a +2 falchion, 2
                  | potions of lignification, a +0 robe, a +0 dagger, a ration
     0 | D:1      | Reached XP level 1. HP: 16/16 MP: 1/1
     4 | D:1      | You fall into a shaft and drop 1 floor!
    28 | D:2      | Gained mutation: You have a pair of small horns on your
                  | head. [demonic ancestry]
    28 | D:2      | Reached XP level 2. HP: 3/22 MP: 2/2
    31 | D:2      | HP: 1/22 [poisoned by an adder]
    32 | D:2      | Succumbed to an adder's poison

Levels and vault maps discovered:
D:1:      dpeg_arrival_lava_altar, layout_rooms
D:2:      layout_loops_ring

Skill      XL: |  1 |
---------------+----+-----
Long Blades    | 2 |  2.2
Fighting       | |  2.2
Crossbows      | |  1.0
Throwing       | |  1.0
Armour         | |  1.0
Stealth        | |  1.7
Evocations     | |  1.0

Action                   || total
-------------------------++-------
Melee: Falchion          ||     6
Dodge: Dodged            ||     6
       Rpst.: Falchion   ||     3

Table legend:
 A = Non-vault XP
 B = Vault XP
 C = Vault XP percentage of total XP
 D = Non-vault monster count
 E = Vault monster count
 F = Vault count percentage of total count
                 A         B        C        D         E       F
            +---------+---------+-------+---------+---------+-------
      Total |      13 |       0 |   0.0 |       1 |       0 |   0.0
            +---------+---------+-------+---------+---------+-------
        D:2 |      13 |       0 |   0.0 |       1 |       0 |   0.0
            +---------+---------+-------+---------+---------+-------
